 Dungeon Crawl Stone Soup version 0.30.1-9-gdf580d7c3d (webtiles) character file.

Game seed: 16536527218928704653

25 AppTheSpectato the Caller (level 3, 0/26 HPs)
             Began as a Hill Orc Summoner on Oct 19, 2023.
             Succumbed to an adder's poison
             ... on level 2 of the Dungeon.
             The game lasted 00:07:54 (1127 turns).

AppTheSpectato the Caller (Hill Orc Summoner)       Turns: 1127, Time: 00:07:55

Health: 0/26       AC:  2    Str: 10    XL:     3   Next: 6%
Magic:  3/5        EV: 12    Int: 17    God:
Gold:   67         SH:  0    Dex: 11    Spells: 2/5 levels left

rFire   . . .        (no weapon)
rCold   . . .        (no shield)
rNeg    . . .        a - +0 robe
rPois   .            (no helmet)
rElec   .            (no cloak)
rCorr   .            (no gloves)
SInv    .            (no boots)
Will    .....        (no amulet)
Stlth   ++           c - ring of flight
HPRegen 0.24/turn    (no ring)
MPRegen 0.09/turn

%: no passive effects
@: lethally poisoned (0 -> -3), flying
A: no striking features
a: no special abilities


You were on level 2 of the Dungeon.
You visited 1 branch of the dungeon, and saw 2 of its levels.

You collected 67 gold pieces.

Inventory:

Armour
 a - a +0 robe (worn)
Jewellery
 c - a ring of flight (left hand)
Scrolls
 d - a scroll of identify {unknown}
 g - a scroll of blinking {unknown}
 i - a scroll of vulnerability {unknown}
Potions
 b - a potion of magic
 e - 2 potions of curing {unknown}
 f - a potion of haste {unknown}
 h - a potion of might {unknown}


   Skills:
 + Level 0.2 Fighting
 - Level 1.6 Dodging
 - Level 1.6 Stealth
 + Level 0.2 Unarmed Combat
 + Level 1.8 Spellcasting
 + Level 4.6 Summonings


You had 2 spell levels left.
You knew the following spells:

 Your Spells              Type           Power      Damage    Failure   Level
a - Summon Small Mammal   Summ           68%        N/A       3%          1
b - Call Imp              Summ           34%        N/A       4%          2

Your spell library contained the following spells:

 Spells                   Type           Power      Damage    Failure   Level
 Call Canine Familiar     Summ           17%        N/A       9%          3
 Summon Guardian Golem    Hex/Summ       9%         N/A       22%         3
 Summon Lightning Spire   Summ/Air       9%         N/A       58%         4


Dungeon Overview and Level Annotations

Branches:
Dungeon (2/15)

Altars:


Message History

The bat closely misses you.
Your cerulean imp hits the adder from afar with a -3 spear.
You barely miss the adder.
The adder is lightly wounded.
The adder bites you but does no damage. The bat misses you.
The adder bites you.
You are poisoned.
The adder poisons you!
Your cerulean imp hits the adder from afar with a -3 spear.
You feel sick. The bat closely misses you.
The adder bites you but does no damage.
Your cerulean imp closely misses the adder.
You feel sick. The adder bites you but does no damage.
Your cerulean imp closely misses the adder.
You feel sick. The bat hits you but does no damage. The bat barely misses you.
The adder bites you.
Your cerulean imp closely misses the adder.
The bat hits you but does no damage.
You feel sick. The adder misses you. The bat hits you but does no damage.
The adder misses you.
Your cerulean imp hits the adder from afar with a -3 spear.
You feel sick. The bat barely misses you. The adder closely misses you.
Your cerulean imp completely misses the adder.
You feel sick. The adder bites you.
Your cerulean imp closely misses the adder.
The bat closely misses you.
You feel sick.
You are no longer poisoned.
The bat closely misses you. The adder closely misses you.
The adder barely misses you.
Your cerulean imp hits the adder but does no damage.
The bat closely misses you. The adder bites you.
* * * LOW HITPOINT WARNING * * *
You are lethally poisoned!
The adder poisons you!
Your cerulean imp misses the adder.
* * * LOW HITPOINT WARNING * * *
You feel sick. The adder bites you.
* * * LOW HITPOINT WARNING * * *
Your cerulean imp misses the adder.
The bat barely misses you.
You die...

.. #...# ..# ##
...##...##..# ..#
#...........# #J#
#.......#.. .b.
#....<..#.###.#
##.#....##.#... ##
..>.....##.#5###.###.#
##.##.#......b.......#
.. #?#####..S@######
## ...........#
##>######?### .. #...
#...# #...# #...# #..


You could see an adder (ally target), a bat and a friendly cerulean imp
(summoned).

Vanquished Creatures
  A rat (D:1)
1 creature vanquished.

Vanquished Creatures (collateral kills)
  A dart slug (D:1)
  4 ball pythons (D:1)
  An endoplasm (D:1)
  A goblin (D:1)
  4 hobgoblins (D:1)
  2 kobolds (D:1)
  2 quokkas (D:1)
  2 bats (D:1)
  A frilled lizard (D:1)
  2 rats (D:1)
20 creatures vanquished.

Grand Total: 21 creatures vanquished

Notes
Turn   | Place    | Note
-------+----------+-------------------------------------------
     0 | D:1      | AppTheSpectato the Hill Orc Summoner began the quest for
                  | the Orb.
     0 | D:1      | Reached XP level 1. HP: 14/14 MP: 3/3
   185 | D:1      | Reached XP level 2. HP: 16/20 MP: 1/4
   188 | D:1      | Learned a level 2 spell: Call Imp
   601 | D:1      | Reached XP level 3. HP: 24/26 MP: 2/5
  1126 | D:2      | HP: 1/26 [adder (2)]
  1127 | D:2      | Succumbed to an adder's poison

Illustrated notes

Levels and vault maps discovered:
D:1:      dpeg_arrival_stonehenge_8_columns, layout_basic, nicolae_hexahallways
D:2:      layout_loops_cross, mrwooster_statue_mirror, minmay_indecisive_spiral

Action                     || total
---------------------------++-------
  Melee: Unarmed           ||     5
   Cast: Summon Small Mamm ||    10
         Call Imp          ||    11
 Armour: Robe              ||    15
  Dodge: Dodged            ||    29
